 Dungeon Crawl Stone Soup version 0.23-a0-49-gd9f7a49 (webtiles) character file.

26 Amnesiac the Magician (level 2, 0/19 HPs)
             Began as a Mummy Air Elementalist on Aug 7, 2018.
             Slain by a hound (3 damage)
             ... on level 4 of the Dungeon.
             The game lasted 00:01:40 (884 turns).

Amnesiac the Magician (Mummy Air Elementalist)       Turns: 884, Time: 00:01:41

Health: 0/19       AC:  2    Str: 11    XL:     2   Next: 89%
Magic:  6/6        EV: 12    Int: 14    God:
Gold:   46         SH:  0    Dex: 12    Spells: 6/7 levels left

rFire    . . .     SeeInvis .   c - +0 short sword
rCold    + . .     Gourm    .   (no shield)
rNeg     + + +     Faith    .   a - +0 robe
rPois    ∞         Spirit   .   (no helmet)
rElec    .         Reflect  .   (no cloak)
rCorr    .         Harm     .   (no gloves)
MR       .....                  (no boots)
Stlth    ++........             (no amulet)
HPRegen  0.06/turn              d - ring of protection from fire
MPRegen  0.10/turn              (no ring)

@: no status effects
A: no food or potions, fire vulnerability, cold resistance 1, negative energy
resistance 3, torment resistance, unbreathing
a: no special abilities


You were on level 4 of the Dungeon.
You were not hungry.

You visited 1 branch of the dungeon, and saw 4 of its levels.

You collected 46 gold pieces.

Inventory:

Hand Weapons
 c - a +0 short sword (weapon)
Armour
 a - a +0 robe (worn)
Jewellery
 d - a ring of protection from fire (left hand)
Scrolls
 b - a scroll of immolation {!r, unknown}
 e - a scroll of remove curse {!r, unknown}
 f - a scroll of blinking {!r, unknown}
 g - a scroll of identify {!r, unknown}


   Skills:
 - Level 1.5 Dodging
 - Level 1.5 Stealth
 + Level 3.2 Spellcasting
 - Level 0.7 Conjurations
 * Level 3.2 Air Magic


You had 6 spell levels left.
You knew the following spells:

 Your Spells              Type           Power        Failure   Level  Hunger
a - Shock                 Conj/Air       #...         10%         1    N/A

Your spell library contained the following spells:

 Spells                   Type           Power        Failure   Level  Hunger
 Lightning Bolt           Conj/Air       #.........   95%         5    N/A
 Swiftness                Chrm/Air       #.......     17%         2    N/A
 Airstrike                Air            ##........   50%         4    N/A
 Static Discharge         Conj/Air       #.......     28%         3    N/A

Dungeon Overview and Level Annotations

Branches:
Dungeon (4/15)
 Temple: D:4-7

Altars:

Annotations:
D:4 exclusion: hound


Innate Abilities, Weirdness & Mutations

You do not eat or drink.
Your flesh is vulnerable to fire.
You are immune to poison.
Your flesh is cold resistant. (rC+)
You are immune to negative energy. (rN+++)
You are immune to unholy pain and torment.
You can survive without breathing.


Message History

You now have 31 gold pieces (gained 5).
Key pressed, stopping explore.
You now have 46 gold pieces (gained 15).
An orc comes into view. It is wielding a club.
The orc shouts!
An orc comes into view. It is wielding a hand axe.
The hound misses you. The hound misses you.
You hit the hound.
The hound is moderately wounded.
The hound barely misses you. The hound bites you.
You hit the hound.
The hound is moderately wounded.
The hound closely misses you.
You closely miss the hound.
The hound is moderately wounded.
The hound bites you. The hound barely misses you.
You barely miss the hound.
The hound is moderately wounded.
The hound bites you. The hound barely misses you.
You closely miss the hound.
The hound is moderately wounded.
The hound completely misses you.
You hit the hound.
The hound is heavily wounded.
The hound barely misses you. x2
You closely miss the hound.
The hound is heavily wounded.
The hound closely misses you. The hound misses you.
You barely miss the hound.
The hound is heavily wounded.
The hound bites you but does no damage.
You barely miss the hound.
The hound is heavily wounded.
The hound bites you.
* * * LOW HITPOINT WARNING * * *
The hound barely misses you.
You miss the hound.
The hound is heavily wounded.
The hound barely misses you. The hound bites you.
* * * LOW HITPOINT WARNING * * *
You hit the hound but do no damage.
The hound is heavily wounded.
The hound closely misses you.
You hit the hound.
The hound is severely wounded.
The hound misses you. The hound closely misses you.
You closely miss the hound.
The hound is severely wounded.
The hound bites you.
* * * LOW HITPOINT WARNING * * *
The hound closely misses you.
Unknown command.
Casting: Shock (safe; 10% risk of failure)
Confirm with . or Enter, or press ? or * to list all spells.
You don't know that spell.
Casting: Shock (safe; 10% risk of failure)
Confirm with . or Enter, or press ? or * to list all spells.
Aiming: Shock (safe; 10% risk of failure)
Press: ? - help, Shift-Dir - straight line, f - hound
Aim: a hound (severely wounded)
Okay, then.
The hound bites you.
You die...

########## #........#########
#................#
#.....@..#######.# #######h##
#...#.# #.# #.#.#.#
.################o# #.#.#.#
...............##.####.#.#.#
.........................#.####
............................h..
.##############.#.##.....#
##############...##.#.#.#


You could see a hound and an orc.

Vanquished Creatures
  An adder (D:4)
  An ooze (D:3)
  An adder skeleton (D:4)
  A leopard gecko (D:1)
  A goblin (D:3)
  3 hobgoblins
  A bat (D:3)
  A rat (D:1)
10 creatures vanquished.

Notes
Turn   | Place    | Note
-------+----------+-------------------------------------------
     0 | D:1      | Amnesiac the Mummy Air Elementalist began the quest for the Orb.
     0 | D:1      | Reached XP level 1. HP: 13/13 MP: 4/4
   178 | D:3      | Reached XP level 2. HP: 14/19 MP: 5/5
   502 | D:4      | Noticed a phantom
   884 | D:4      | Slain by a hound

Vault maps used:
D:1:      ebering_trefoil_3fold
D:4:      grunt_decor_mini_mirrors

Skill      XL: |  1  2 |
---------------+-------+-----
Air Magic      | 3 |  3.2
Spellcasting   | 3 |  3.2
Dodging        | |  1.5
Stealth        | |  1.5
Conjurations   | |  0.7

Action                   || total
-------------------------++-------
Melee: Unarmed           ||    10
       Short sword       ||    64
Armor: Robe              ||    11
Dodge: Dodged            ||    66

Table legend:
 A = Spawn XP
 B = Non-spawn XP
 C = Spawn XP percentage of total XP
 D = Spawn monster count
 E = Non-spawn monster count
 F = Spawn count percentage of total count
 G = Total turns spent on level
                    A         B        C        D         E        F      G
               +---------+---------+-------+---------+---------+-------+---------
         Total |       0 |      38 |   0.0 |       0 |      10 |   0.0 |   884
               +---------+---------+-------+---------+---------+-------+---------
           D:1 |       0 |       4 |   0.0 |       0 |       2 |   0.0 |    72
           D:2 |       0 |       2 |   0.0 |       0 |       1 |   0.0 |   100
           D:3 |       0 |      14 |   0.0 |       0 |       5 |   0.0 |   395
           D:4 |       0 |      18 |   0.0 |       0 |       2 |   0.0 |   317
               +---------+---------+-------+---------+---------+-------+---------
